 Dungeon Crawl Stone Soup version 0.28-b1-25-g9875b3fc8c (webtiles) character file.

Game seed: 17722328075087458690

34 adizb the Slasher (level 3, 0/30 HPs)
             Began as a Minotaur Gladiator on Feb 3, 2022.
             Slain by Sigmund (2 damage)
             ... on level 2 of the Dungeon.
             The game lasted 00:07:29 (661 turns).

adizb the Slasher (Minotaur Gladiator)               Turns: 661, Time: 00:07:30

Health: 0/30       AC: 11    Str: 18    XL:     3   Next: 14%
Magic:  2/2        EV:  6    Int:  5    God:
Gold:   12         SH:  0    Dex: 13    Spells: 2/2 levels left

rFire   . . .      SeeInvis .   a - +0 long sword
rCold   . . .      Faith    .   (no shield)
rNeg    . . .      Spirit   .   i - +0 plate armour
rPois   .          Reflect  .   c - +0 hat
rElec   .          Harm     .   (no cloak)
rCorr   .          Rampage  .   (no gloves)
Will    .....                   j - +0 pair of boots
Stlth   ..........              (no amulet)
HPRegen 0.10/turn               (no ring)
MPRegen 0.08/turn               (no ring)

@: flying
A: horns 2, retaliatory headbutt
a: no special abilities


You were on level 2 of the Dungeon.
You visited 1 branch of the dungeon, and saw 2 of its levels.

You collected 12 gold pieces.

Inventory:

Hand Weapons
 a - a +0 long sword (weapon)
Missiles
 d - a throwing net (quivered)
Armour
 c - a +0 hat (worn)
 i - a +0 plate armour (worn)
 j - a +0 pair of boots (worn)
Scrolls
 e - a scroll of summoning {unknown}
 g - a scroll of enchant armour {unknown}


   Skills:
 + Level 2.7 Fighting
 * Level 4.2 Long Blades
 - Level 2.0 Throwing
 + Level 0.7 Armour
 * Level 3.8 Dodging
 + Level 1.0 Unarmed Combat


You had 2 spell levels left.
You didn't know any spells.
Your spell library contained the following spells:

 Spells                   Type           Power      Damage    Failure   Level
 Static Discharge         Conj/Air       0%         N/A       100%        2
 Lightning Bolt           Conj/Air       0%         1d11      100%        5
 Maxwell's Capacitive Co  Air            0%         ∞         100%        8


Dungeon Overview and Level Annotations

Branches:
Dungeon (2/15)

Altars:

Annotations:
D:2 Sigmund


Innate Abilities, Weirdness & Mutations

You have a pair of horns on your head.
You reflexively headbutt those who attack you in melee.


Message History

Press: ? - help, Q - select action Shift-Dir - straight line
Okay, then.
You completely miss something. You headbutt something! Something hits you!
You miss something. The goblin hits you but does no damage.
You barely miss something.
You hear some strange, mumbled words.
A puff of flame appears from out of thin air!
The puff of flame hits you but does no damage.
The goblin hits you but does no damage. Something completely misses you.
You hit the goblin.
You kill the goblin!
You barely miss something. Something hits you but does no damage.
You slash something!
You hear some strange, mumbled words.
You are confused.
You hear some strange, mumbled words.
You are more confused.
Something hits you!
You're too confused to move!
You hear some strange, mumbled words.
A puff of flame appears from out of thin air!
The puff of flame hits you.
It was a potion of flight.
You feel very buoyant.
You fly up into the air.
Something hits you but does no damage.
It was a potion of heal wounds.
You feel much better.
A magic dart appears from out of thin air!
The magic dart hits you. Something hits you. Something hits you!
You feel less confused. Something hits you but does no damage.
Something hits you.
* * * LOW HITPOINT WARNING * * *
Something hits you!
* * * LOW HITPOINT WARNING * * *
Things that are here:
a +0 dagger; a scroll labelled RIAXIM UDIFODD; a goblin corpse Something hits you.
You die...

## ######## ..
#......#############
..####.........#......#.#
............##.#......#.#######
............##.#(.{...#.......#
....[..####.##.'@)............#
.......# #.####...(..........#
#.....#####.#
#......#(......###
............#
#####..........'.#
####..##....# #####......###
#.#..##..#.# ##'###....
##.#...#....# ### ####.
...#...#....# ###.
##.....#..#.# #...


There were no monsters in sight!

Vanquished Creatures
  A worm (D:2)
  5 bats (D:1)
  2 endoplasms (D:1)
  2 giant cockroaches (D:1)
  5 goblins
  A hobgoblin (D:1)
  A quokka (D:1)
  4 ball pythons (D:1)
  A frilled lizard (D:1)
  4 kobolds (D:1)
  3 rats (D:1)
29 creatures vanquished.

Notes
Turn   | Place    | Note
-------+----------+-------------------------------------------
     0 | D:1      | adizb the Minotaur Gladiator began the quest for the Orb.
     0 | D:1      | Reached XP level 1. HP: 18/18 MP: 0/0
    72 | D:1      | Reached XP level 2. HP: 17/25 MP: 1/1
   157 | D:1      | Reached skill level 4 in Long Blades
   178 | D:1      | Found a faded altar of an unknown god.
   470 | D:1      | Reached XP level 3. HP: 30/30 MP: 2/2
   544 | D:2      | Reached skill level 1 in Unarmed Combat
   602 | D:2      | Noticed Sigmund
   661 | D:2      | Slain by Sigmund

Illustrated notes

Levels and vault maps discovered:
D:1:      mrwooster_arrival_statue_3, layout_rooms,
          shapermc_ecumenical_altar_venn, minmay_unequal
D:2:      layout_basic, uniq_sigmund, uniq_natasha

Skill      XL: |  1  2  3 |
---------------+----------+-----
Long Blades    | 4 |  4.2
Unarmed Combat | 1 |  1.0
Fighting       | |  2.7
Throwing       | |  2.0
Armour         | |  0.7
Dodging        | |  3.8

Action                   || total
-------------------------++-------
Melee: Long sword        ||    60
       Headbutt          ||     9
Throw: Throwing net      ||     2
  Use: Potion            ||     2
Armor: Leather armour    ||    16
       Plate armour      ||    13
Dodge: Dodged            ||    48
